 Dungeon Crawl Stone Soup version 0.28-a0-863-g8cecda6153 (webtiles) character file.

Game seed: 2362250611919487759

33 Rennog the Scratcher (level 3, 0/15 HPs)
             Began as a Felid Transmuter on Nov 20, 2021.
             Slain by a goblin (3 damage)
             ... led by Robin
             ... on level 1 of the Dungeon.
             The game lasted 00:02:01 (1327 turns).

Rennog the Scratcher (Felid Transmuter)             Turns: 1327, Time: 00:02:01

Health: 0/15       AC:  1    Str:  7    XL:     3   Next: 12%
Magic:  6/7        EV: 17    Int: 14    God:
Gold:   35         SH:  0    Dex: 16    Spells: 3/6 levels left
                                        Lives:  0   Deaths: 0

rFire   . . .      SeeInvis +     - Unarmed
rCold   . . .      Faith    .   (shield unavailable)
rNeg    . . .      Spirit   .   (armour unavailable)
rPois   .          Reflect  .   (helmet unavailable)
rElec   .          Harm     .   (cloak unavailable)
rCorr   .          Rampage  .   (gloves unavailable)
Will    .....                   (boots unavailable)
Stlth   ++........              (no amulet)
HPRegen 0.05/turn               (no ring)
MPRegen 0.10/turn               (no ring)

@: appendages, quick
A: horns 2, very small, claws 1, fangs 3, see invisible, speed 1, shaggy fur 1,
stealthy paws, no weapons or thrown items, no armour, multi-lived
a: End Transformation


You were on level 1 of the Dungeon.
You had temporarily grown beastly horns.
You visited 1 branch of the dungeon, and saw 2 of its levels.

You collected 35 gold pieces.

Inventory:

Scrolls
 a - a scroll of immolation {unknown}


   Skills:
 + Level 1.0 Fighting
 + Level 2.8 Dodging
 + Level 0.4 Stealth
 + Level 3.9 Unarmed Combat
 + Level 2.3 Spellcasting
 + Level 2.2 Transmutations


You had 3 spell levels left.
You knew the following spells:

 Your Spells              Type           Power      Damage    Failure   Level
a - Beastly Appendage     Tmut           16%        N/A       9%          1
b - Wereblood             Tmut           8%         N/A       14%         2

Your spell library contained the following spells:

 Spells                   Type           Power      Damage    Failure   Level
 Spider Form              Tmut/Pois      4%         N/A       41%         3
 Ice Form                 Ice/Tmut       4%         N/A       82%         4


Dungeon Overview and Level Annotations

Branches:
Dungeon (2/15)

Altars:

Shops:
D:1 *

Annotations:
D:2 Robin


Innate Abilities, Weirdness & Mutations

You have temporarily grown beastly horns.
You have sharp claws.
You have razor-sharp teeth.
You have supernaturally acute eyesight. (SInv)
You cover ground quickly. (Speed+)
You are covered in fur. (AC +1)
Your paws help you pounce on unaware monsters.
You are incapable of wielding weapons or throwing items.
You cannot wear armour.
You gain extra lives every three experience levels.


Message History

2 goblins and Robin come into view.
The goblin shouts! x2
A hobgoblin comes into view.
Your transformation is almost over.
The hobgoblin shouts!
You hear a shout!
A hobgoblin comes into view.
Your horns disappear.
There is a stone staircase leading up here.
Your primal bloodlust is almost over.
Casting: Wereblood (safe; 14% risk of failure)
Confirm with . or Enter, or press ? or * to list all spells.
You grow a pair of large bovine horns.
You scratch the hobgoblin.
The hobgoblin is lightly wounded.
The hobgoblin misses you.
You scratch the hobgoblin.
The hobgoblin is almost dead.
The goblin hits you with a +0 dagger. The hobgoblin completely misses you.
You barely miss the hobgoblin.
The hobgoblin is almost dead.
The goblin closely misses you. The hobgoblin barely misses you.
Your primal bloodlust has ended.
The goblin hits you with a +0 dagger. The hobgoblin barely misses you.
You climb upwards.
There is a stone staircase leading down here.
You barely miss the hobgoblin.
You bite the hobgoblin, but do no damage.
The hobgoblin is almost dead.
The goblin hits you with a +0 dagger. The hobgoblin barely misses you.
You scratch the hobgoblin.
You kill the hobgoblin!
The goblin hits you with a +0 dagger.
* * * LOW HITPOINT WARNING * * *
You see here a hobgoblin corpse.
Your transformation is almost over.
Your horns disappear.
Casting: Beastly Appendage (safe; 9% risk of failure)
Confirm with . or Enter, or press ? or * to list all spells.
You grow a pair of large bovine horns.
The goblin hits you with a +0 dagger.
You die...

....##...##.....>..........#
....##....##....†..........#
######....##...............#
# #....##..........†....# #
#...###...............#
#...# #...............#
#...# ###########.#####
###'#.# #####...# #.'∩'.#
#@..#.#.# #.#+#.# #.g##.###
#.#...# #.....# #.....#
####### ###...# #...# #####


You could see a goblin.

Vanquished Creatures
  A dart slug (D:1)
  3 bats (D:1)
  2 endoplasms (D:1)
  2 giant cockroaches (D:1)
  3 goblins (D:1)
  3 hobgoblins (D:1)
  4 jackals (D:1)
  3 quokkas (D:1)
  3 kobolds (D:1)
  3 rats (D:1)
27 creatures vanquished.

Notes
Turn   | Place    | Note
-------+----------+-------------------------------------------
     0 | D:1      | Rennog the Felid Transmuter began the quest for the Orb.
     0 | D:1      | Reached XP level 1. HP: 9/9 MP: 4/4
   201 | D:1      | Reached XP level 2. HP: 12/12 MP: 6/6
   227 | D:1      | Found Pemecugal's Assorted Antiques.
   754 | D:1      | Reached XP level 3. HP: 9/15 MP: 5/7
  1260 | D:1      | Learned a level 2 spell: Wereblood
  1283 | D:2      | Noticed Robin
  1327 | D:1      | Slain by a goblin

Illustrated notes

Levels and vault maps discovered:
D:1:      lemuel_arrival_tunnels, layout_basic, serial_shops,
          nicolae_shop_behind_doors, serial_bayou_pond_a
D:2:      layout_loops_cross, serial_shops, shop, minmay_circled_x,
          uniq_natasha, uniq_robin, uniq_terence

Action                   || total
-------------------------++-------
Melee: Unarmed           ||    74
       Bite              ||     8
       Punch             ||     2
       Headbutt          ||     2
 Cast: Beastly Appendage ||     8
       Wereblood         ||     1
Armor: Skin              ||     6
Dodge: Dodged            ||    48

Table legend: (Time is in decaauts)
 A = Elapsed time spent in this place.
 B = Non-inter-level travel time spent in this place.
 C = Inter-level travel time spent in this place.
 D = Time resting spent in this place.
 E = Time spent auto-exploring this place.
 F = Levels seen in this place.
 G = Mean time per level.
                   A        B        C        D        E       F      G
               +--------+--------+--------+--------+--------+-----+--------+
         Total |   1205 |   1201 |      4 |      0 |   1007 |   2 |  602.5 |
       Dungeon |   1205 |   1201 |      4 |      0 |   1007 |   2 |  602.5 |
               +--------+--------+--------+--------+--------+-----+--------+

Top non-repeatable levels by time:
     D:1: 1164 daAuts
     D:2: 40 daAuts
